 Dungeon Sprint DCSS version 0.27.1-4-g1640c2035a (webtiles) character file.

Game seed: 5651395640770832076

509 boopmooplesden the Blocker (level 6, -6/64 HPs)
             Began as a Minotaur Fighter on Nov 10, 2021.
             Was a Believer of Okawaru.
             Killed by divine providence
             ... invoked by an orc priest
              (8 damage)
             ... in the Dungeon (Sprint VII: "The Pits").
             The game lasted 00:01:29 (422 turns).

boopmooplesden the Blocker (Minotaur Fighter)        Turns: 422, Time: 00:01:29

Health: -6/64      AC: 11    Str: 23    XL:     6   Next: 98%
Magic:  4/5        EV:  9    Int:  5    God:    Okawaru [**....]
Gold:   0          SH: 12    Dex:  9    Spells: 5/5 levels left

rFire    . . .     SeeInvis .   o - +0 long sword (holy)
rCold    . . .     Faith    .   c - +0 kite shield
rNeg     . . .     Spirit   .   p - +3 scale mail
rPois    .         Reflect  .   (helmet restricted)
rElec    .         Harm     .   (no cloak)
rCorr    .         Rampage  .   (no gloves)
Will     .....     NoTele   +   (no boots)
Stlth    ..........             (no amulet)
HPRegen  0.20/turn              (no ring)
MPRegen  0.09/turn              (no ring)

@: mighty
A: horns 2, retaliatory headbutt
a: Renounce Religion, Heroism


You were in the Dungeon.
You worshipped Okawaru.
Okawaru was pleased with you.
You visited 1 branch

Inventory:

Hand Weapons
 a - a +0 long sword
 k - a +2 falchion
 o - a +0 long sword of holy wrath (weapon)
Armour
 b - a +0 scale mail
 c - a +0 kite shield (worn)
 p - a +3 scale mail (worn)
Scrolls
 j - a scroll of blinking
 m - 5 scrolls of amnesia
 n - a scroll of summoning
Potions
 e - 6 potions of curing
 f - 5 potions of heal wounds
 g - a potion of haste
 h - 4 potions of magic
 i - 3 potions of berserk rage
 l - 2 potions of invisibility


   Skills:
 + Level 9.5 Fighting
 + Level 7.9 Long Blades
 + Level 9.8 Armour
 + Level 2.5 Dodging
 + Level 10.2 Shields


You had 5 spell levels left.
You didn't know any spells.
Your spell library was empty.

Dungeon Overview and Level Annotations

Branches:
Dungeon (1/1)

Altars:
Ashenzari
Cheibriados
Dithmenos
Elyvilon
Fedhas
Gozag
Hepliaklqana
Kikubaaqudgha
Makhleb
Nemelex Xobeh
Okawaru
Qazlal
Ru
Sif Muna
Trog
Uskayaw
Vehumet
Wu Jian
Xom
Yredelemnul
Zin
The Shining One
Beogh
Jiyva
Lugonu


Innate Abilities, Weirdness & Mutations

You have a pair of horns on your head.
You reflexively headbutt those who attack you in melee.


Message History

You barely miss the warg. You headbutt the warg.
The warg is almost dead.
You block the warg's attack.
You barely miss the warg.
The warg is almost dead.
You block the warg's attack.
You hit the warg.
You kill the warg!
Okawaru is honoured by your kill. You block the jackal's attack.
Your base Fighting skill increases to level 9!
Your base Long Blades skill increases to level 7!
Your base Dodging skill increases to level 2!
Your base Shields skill increases to level 10!
You slash the jackal!
You kill the jackal!
Okawaru accepts your kill.
The jackal barks!
You slash the black bear! You headbutt the black bear!
You kill the black bear!
Okawaru is honoured by your kill.
You feel like a meek peon again.
The orc priest looks satisfied for a moment.
The orc hits you with a +0 club.
* * * LOW HITPOINT WARNING * * *
The orc priest mumbles some strange prayers to Beogh against you.
Beogh smites you!
* * * LOW HITPOINT WARNING * * *
Items here: )) [ ††††.
You slash the orc!
The orc is almost dead.
The orc hits you but does no damage. x2
You hit the orc.
You kill the orc!
Okawaru accepts your kill.
The orc priest looks encouraged for a moment.
The orc priest closely misses you.
The orc priest mumbles some strange prayers to Beogh against you.
Beogh smites you!
You die...

#....).....)'.....
#'#####'#####.....
#.#..#..#..##.....
#.#..)..').#####'#
#.##'####'###.....
#.#.)†.....##.....
#.#........##.....
#)#####'#####...<.
#@#...)))..##.....
#o#...).)[.##.....
#h###########.....
#hZ# ###### #o..o
##.#o# ...o.
.#.#.#


.hh ..# You could see 2 orc priests, a bat zombie and 2 jackals.

Vanquished Creatures
  A warg (D)
  An orc warrior (D)
  A black bear (D)
  A scorpion (D)
  3 wights (D)
  An adder (D)
  An adder zombie (D)
  3 orcs (D)
  A bat zombie (D)
  A goblin (D)
  A hobgoblin (D)
  5 jackals (D)
  A kobold (D)
  A quokka (D)
22 creatures vanquished.

Notes
Turn   | Place    | Note
-------+----------+-------------------------------------------
     0 | D        | boopmooplesden the Minotaur Fighter began the quest for the
                  | Orb.
     0 | D        | Reached XP level 1. HP: 19/19 MP: 0/0
    40 | D        | Found a glowing golden altar of the Shining One.
    40 | D        | Found a glowing silver altar of Zin.
    40 | D        | Found a basalt altar of Yredelemnul.
    40 | D        | Found a shimmering altar of Xom.
    40 | D        | Found an ornate altar of the Wu Jian Council.
    40 | D        | Found a bloodstained altar of Trog.
    40 | D        | Found a shimmering blue altar of Sif Muna.
    40 | D        | Found a sacrificial altar of Ru.
    40 | D        | Found a stormy altar of Qazlal.
    40 | D        | Found an iron altar of Okawaru.
    40 | D        | Found a sparkling altar of Nemelex Xobeh.
    40 | D        | Found a burning altar of Makhleb.
    40 | D        | Found a viscous altar of Jiyva.
    40 | D        | Found a hazy altar of Hepliaklqana.
    40 | D        | Found an opulent altar of Gozag.
    40 | D        | Found a blossoming altar of Fedhas.
    40 | D        | Found a white marble altar of Elyvilon.
    40 | D        | Found a shadowy altar of Dithmenos.
    40 | D        | Found a snail-covered altar of Cheibriados.
    42 | D        | Found a radiant altar of Vehumet.
    42 | D        | Found a corrupted altar of Lugonu.
    43 | D        | Found a hide-covered altar of Uskayaw.
    43 | D        | Found an ancient bone altar of Kikubaaqudgha.
    43 | D        | Found a broken altar of Ashenzari.
    47 | D        | Became a worshipper of Warmaster Okawaru
    57 | D        | Noticed a scorpion
    62 | D        | Killed a scorpion
    62 | D        | Reached * piety under Okawaru
    63 | D        | Reached skill level 6 in Shields
    63 | D        | Reached XP level 2. HP: 11/30 MP: 1/1
    63 | D        | Reached XP level 3. HP: 14/37 MP: 2/2
   300 | D        | Reached XP level 4. HP: 44/44 MP: 3/3
   314 | D        | Reached skill level 7 in Shields
   316 | D        | Reached XP level 5. HP: 49/52 MP: 4/4
   329 | D        | Reached skill level 5 in Long Blades
   329 | D        | Reached skill level 1 in Dodging
   329 | D        | Reached skill level 8 in Shields
   386 | D        | Noticed a black bear
   387 | D        | Noticed a warg
   387 | D        | Noticed an orc warrior
   406 | D        | Killed an orc warrior
   406 | D        | Reached ** piety under Okawaru
   407 | D        | Reached skill level 9 in Shields
   407 | D        | Reached XP level 6. HP: 30/62 MP: 5/5
   416 | D        | Killed a warg
   417 | D        | Reached skill level 10 in Shields
   419 | D        | HP: 1/64 [orc priest/divine providence (15)]
   422 | D        | Killed from afar by an orc priest

Illustrated notes

Levels and vault maps discovered:
D:        pitsprint [storerooms_1, entrance_room_1, metal_vault_3, armoury_3,
          mini_pit_1, grid_room_1, main_hall_1, silver_pit, the_coven_3,
          the_vestibule_1, steel_vault_3, golden_pit, hallway_of_sentries,
          crystal_vault_3, iron_vault_4, final_vault]

Skill      XL: |  1  2  3  4  5  6 |
---------------+-------------------+-----
Fighting       | 6 7 8 9 |  9.5
Long Blades    | 3 4 6 7 |  7.9
Armour         | 6 7 9 |  9.8
Shields        | 6 7 9 10 | 10.2
Dodging        | 1 2 |  2.5

Action                   |  1- 3 |  4- 6 || total
-------------------------+-------+-------++-------
Melee: Falchion          |    15 |    14 ||    29
       Long sword        |     3 |    26 ||    29
       Headbutt          |     3 |    10 ||    13
Invok: Heroism           |       |     1 ||     1
  Use: Potion            |       |     2 ||     2
Armor: Scale mail        |     8 |     8 ||    16
Dodge: Dodged            |     6 |    12 ||    18
Block: Kite shield       |     9 |    24 ||    33
       Rpst.: Falchion   |     2 |     2 ||     4
       Long sword        |       |     2 ||     2
